 Dungeon Crawl Stone Soup version 0.27.1-37-g7b29ead8ac (webtiles) character file.

Game seed: 13611373603146284175

5448 cbfl8 the Cleaver (level 10, -5/88 HPs)
             Began as a Minotaur Fighter on June 5, 2023.
             Was a Priest of Yredelemnul.
             Killed themself with a badly aimed iceblast (27 damage)
             ... on level 10 of the Dungeon.
             The game lasted 00:12:01 (11204 turns).

cbfl8 the Cleaver (Minotaur Fighter)               Turns: 11204, Time: 00:12:01

Health: -5/88      AC: 11    Str: 21    XL:     10   Next: 41%
Magic:  10/11      EV: 14    Int:  5    God:    Yredelemnul [***...]
Gold:   692        SH: 16    Dex: 19    Spells: 9/9 levels left

rFire    . . .     SeeInvis .   a - +0 war axe (venom)
rCold    . . .     Faith    .   c - +1 kite shield
rNeg     . . .     Spirit   .   b - +0 scale mail
rPois    .         Reflect  +   (helmet restricted)
rElec    .         Harm     .   f - +0 cloak
rCorr    .         Rampage  .   x - +1 pair of gloves
Will     .....                  (no boots)
Stlth    +.........             H - amulet of reflection
HPRegen  0.24/turn              q - +4 ring of evasion
MPRegen  0.12/turn              E - +6 ring of dexterity

@: no status effects
A: horns 2, retaliatory headbutt
a: Renounce Religion, Recall Undead Slaves, Injury Mirror, Animate Dead


You were on level 10 of the Dungeon.
You worshipped Yredelemnul.
Yredelemnul was most pleased with you.
You visited 2 branches of the dungeon, and saw 11 of its levels.
You visited the Abyss 1 time.
You also visited: Ossuary.

You collected 692 gold pieces.

Inventory:

Hand Weapons
 a - a +0 war axe of venom (weapon)
Missiles
 F - a throwing net
Armour
 b - a +0 scale mail (worn)
 c - a +1 kite shield (worn)
 f - a +0 cloak (worn)
 x - a +1 pair of gloves (worn)
Jewellery
 q - a +4 ring of evasion (left hand)
 t - a ring of see invisible
 w - a ring of protection from fire
 E - a +6 ring of dexterity (right hand)
 H - an amulet of reflection (around neck)
Wands
 n - a wand of iceblast (11) (quivered)
 r - a wand of paralysis (7)
Scrolls
 e - 4 scrolls of enchant armour
 g - 2 scrolls of noise
 i - 7 scrolls of teleportation
 l - 3 scrolls of enchant weapon
 o - 3 scrolls of fear
 p - 4 scrolls of fog
 s - a scroll of brand weapon
 z - 2 scrolls of magic mapping
 A - a scroll of immolation
Potions
 d - a potion of might
 h - 3 potions of curing
 j - 4 potions of heal wounds {unknown}
 k - 4 potions of flight
 m - a potion of cancellation
 B - a potion of lignification {unknown}
 C - a potion of mutation {unknown}
 D - a potion of ambrosia {unknown}
Miscellaneous
 v - a tin of tremorstones (2/2)


   Skills:
 + Level 7.8 Fighting
 + Level 11.2 Axes
 + Level 8.0 Armour
 + Level 4.9 Dodging
 + Level 1.3 Stealth
 - Level 3.6 Shields
 + Level 3.1 Invocations
 * Level 6.3 Evocations


You had 9 spell levels left.
You didn't know any spells.
Your spell library contained the following spells:

 Spells                   Type           Power      Damage    Failure   Level
 Freeze                   Ice            0%         1d3       99%         1
 Call Canine Familiar     Summ           0%         N/A       100%        3
 Frozen Ramparts          Ice            0%         1d2       100%        3
 Inner Flame              Hex/Fire       0%         N/A       100%        3
 Portal Projectile        Hex/Tloc       0%         N/A       100%        3
 Cause Fear               Hex            0%         N/A       100%        4
 Hailstorm                Conj/Ice       0%         3d3       100%        4
 Ice Form                 Ice/Tmut       0%         N/A       100%        4
 Leda's Liquefaction      Hex/Erth       0%         N/A       100%        4
 Summon Lightning Spire   Summ/Air       0%         N/A       100%        4
 Simulacrum               Ice/Necr       0%         N/A       100%        6
 Storm Form               Tmut/Air       0%         N/A       100%        7
 Discord                  Hex            0%         N/A       100%        8
 Maxwell's Capacitive Co  Air            0%         ∞         100%        8


Dungeon Overview and Level Annotations

Branches:
Dungeon (10/15)            Temple (1/1) D:4            Lair (0/6) D:8
    Orc (0/2) D:9         Ossuary (visited)

Altars:
Cheibriados
Dithmenos
Gozag
Nemelex Xobeh
Trog
Vehumet
Wu Jian
Xom
Yredelemnul
The Shining One

Shops:
D:5 *   D:6 =   D:9 *

Annotations:
D:10 Erica


Innate Abilities, Weirdness & Mutations

You have a pair of horns on your head.
You reflexively headbutt those who attack you in melee.


Message History

You slash the howler monkey!
You kill the howler monkey!
Yredelemnul accepts your kill.
Unknown command.
No target in view!
No target in view!
No target in view!
There is a stone staircase leading up, spattered with blood here.
You see here a howler monkey corpse.
You call on the dead to rise...
The dead are walking and flying!
You swap places.
Erica the Fiery-Tempered comes into view.
She is wielding a +0 scimitar of flaming.
You are no longer corroded.
Erica shouts!
Found a stone staircase leading up.
Erica gestures wildly while chanting.
Erica flickers and vanishes!
Deactivating autopickup; reactivate with Ctrl-A.
You barely miss something. You headbutt something. Something hits you.
Something burns you.
You hit something. You headbutt something. Something hits you.
Something burns you.
Aiming: Iceblast
Press: ? - help, Q - select action, (/) - cycle Shift-Dir - straight line The mass of ice explodes!
The iceblast engulfs something!!
The iceblast engulfs you!! You block something's attack.
Unknown command.
Aiming: Iceblast
Press: ? - help, Q - select action, (/) - cycle Shift-Dir - straight line The mass of ice explodes!
The iceblast engulfs something!!
The iceblast engulfs you!
* * * LOW HITPOINT WARNING * * *
You block something's attack.
Aiming: Iceblast
Press: ? - help, Q - select action, (/) - cycle Shift-Dir - straight line The mass of ice explodes!
The iceblast engulfs something!
The iceblast engulfs you!!
You die...
Your body rises from the dead as a mindless zombie.

.......
......<
.......#######
.............#
.............#
.............#
......[{.....#
.......@.....#
.......ZZ....#
.............#
.#######.....#
#.....#
#..<..#
#.....#
#.....#
#.....#


You could see a friendly acid dragon zombie and a friendly howler monkey zombie.

Vanquished Creatures
  A two-headed ogre (D:5)
  An unseen horror (D:7)
  A wraith (D:9)
  5 yaks (D:9)
  2 acid dragons
  2 black bears
  2 sky beasts
  2 ogres
  4 centaurs
  A kobold brigand (D:9)
  An elf zombie (Ossuary)
  A phantom (D:4)
  A bullfrog (D:7)
  2 gnoll sergeants
  3 scorpions
  A water moccasin skeleton (D:5)
  5 wights
  3 howler monkeys
  4 crimson imps (D:5)
  A centaur zombie (D:7)
  A bullfrog zombie (D:5)
  2 hounds (D:5)
  A human zombie (Ossuary)
  3 orc priests
  A jelly (D:5)
  A gnoll shaman (D:8)
  Jessica (D:2)
  7 iguanas
  4 centaur skeletons
  4 orc wizards
  2 hound skeletons (D:5)
  4 mummies (Ossuary)
  A howler monkey zombie (D:6)
  18 gnolls
  3 adders
  A shadow imp (D:7)
  3 white imps
  2 ufetubi (D:5)
  3 adder zombies (Ossuary)
  2 worms
  5 dart slugs
  6 orcs
  4 ball pythons
  4 bats
  5 endoplasms
  4 giant cockroaches
  A gnoll zombie (Ossuary)
  5 goblins
  5 hobgoblins
  5 jackals (D:4)
  9 kobolds
  2 quokkas
  A frilled lizard (D:1)
  3 goblin zombies (Ossuary)
  A hobgoblin zombie (Ossuary)
  A jackal zombie (Ossuary)
  5 rats
  A rat zombie (Ossuary)
174 creatures vanquished.

Vanquished Creatures (collateral kills)
  2 yaks (D:9)
  An orc warrior (D:6)
  A necrophage (D:5)
  An ice beast (D:5)
  A wight (D:8)
6 creatures vanquished.

Vanquished Creatures (others)
  An orc (D:10)
  7 gnoll zombies (D:8)
  3 kobold zombies (D:9)
  2 orc zombies (D:8)
  5 fungi (D:8)
  A plant (D:8)
19 creatures vanquished.

Grand Total: 199 creatures vanquished

Notes
Turn   | Place    | Note
-------+----------+-------------------------------------------
     0 | D:1      | cbfl8 the Minotaur Fighter began the quest for the Orb.
     0 | D:1      | Reached XP level 1. HP: 19/19 MP: 0/0
   197 | D:1      | Reached XP level 2. HP: 17/27 MP: 1/1
   586 | D:1      | Found a faded altar of an unknown god.
   677 | D:1      | You fall into a shaft and drop 1 floor!
   683 | D:2      | Reached skill level 3 in Axes
   774 | D:2      | Reached XP level 3. HP: 27/33 MP: 2/2
  1093 | D:2      | Noticed Jessica
  1102 | D:2      | Killed Jessica
  1103 | D:2      | Reached skill level 1 in Evocations
  1103 | D:2      | Reached XP level 4. HP: 36/41 MP: 3/3
  2693 | D:3      | Found a snail-covered altar of Cheibriados.
  2810 | D:4      | Reached XP level 5. HP: 47/47 MP: 4/4
  2832 | D:4      | Reached skill level 4 in Axes
  2832 | D:4      | Reached skill level 1 in Dodging
  2920 | D:4      | Reached skill level 1 in Stealth
  2921 | D:4      | Reached XP level 6. HP: 6/53 MP: 5/5
  3403 | D:4      | Reached skill level 5 in Axes
  3403 | D:4      | Reached skill level 5 in Armour
  3642 | D:4      | Found a staircase to the Ecumenical Temple.
  3953 | Temple   | Entered the Ecumenical Temple
  3957 | Temple   | Became a worshipper of Yredelemnul the Dark
  4028 | D:5      | Entered Level 5 of the Dungeon
  4077 | D:5      | Found a radiant altar of Vehumet.
  4220 | D:5      | Found a sparkling altar of Nemelex Xobeh.
  4310 | D:5      | Found a sand-covered staircase.
  4315 | Ossuary  | Entered an ossuary
  4338 | Ossuary  | Reached XP level 7. HP: 36/60 MP: 6/6
  4576 | Ossuary  | Reached skill level 6 in Axes
  4607 | Ossuary  | Reached skill level 5 in Fighting
  4820 | D:5      | Found a shimmering altar of Xom.
  4830 | D:5      | Cast into level 2 of the Abyss (crimson imp)
  4865 | Abyss:2  | Noticed a large abomination
  4904 | D:5      | Escaped the Abyss
  5052 | D:5      | Found Kita's General Store.
  5124 | D:5      | Reached * piety under Yredelemnul
  5249 | D:5      | Reached skill level 7 in Axes
  5283 | D:5      | Reached XP level 8. HP: 18/69 MP: 7/7
  5684 | D:5      | Noticed a two-headed ogre
  5689 | D:5      | Killed a two-headed ogre
  5690 | D:5      | Reached skill level 8 in Axes
  5976 | D:5      | Reached XP level 9. HP: 70/75 MP: 8/8
  6008 | D:5      | Reached skill level 9 in Axes
  6385 | D:5      | Reached skill level 5 in Evocations
  6614 | D:6      | Found Peul Onass's Jewellery Shoppe.
  6643 | D:6      | Found an opulent altar of Gozag.
  6701 | D:6      | Reached ** piety under Yredelemnul
  6740 | D:6      | Reached skill level 1 in Invocations
  7322 | D:7      | Found a bloodstained altar of Trog.
  7476 | D:7      | Noticed an unseen horror
  7488 | D:7      | Killed an unseen horror
  7489 | D:7      | Reached skill level 10 in Axes
  8766 | D:8      | Found a staircase to the Lair.
  9458 | D:9      | Reached XP level 10. HP: 71/86 MP: 10/10
  9578 | D:9      | Found a staircase to the Orcish Mines.
 10164 | D:9      | Found an ornate altar of the Wu Jian Council.
 10181 | D:9      | Reached *** piety under Yredelemnul
 10191 | D:9      | Reached skill level 11 in Axes
 10978 | D:9      | Found Cosos's Serpentskin Sales.
 11178 | D:10     | Entered Level 10 of the Dungeon
 11195 | D:10     | Noticed Erica
 11204 | D:10     | Killed themself with a badly aimed iceblast

Illustrated notes

Levels and vault maps discovered:
D:1:      evilmike_arrival_fibonacci_small, layout_basic,
          dreamdust_ecumenical_altar_angels_and_demons, minmay_pentomino_v2
D:2:      layout_loops_ring, serial_co_window_serial,
          co_window_of_opportunity_a, co_window_paths_a, co_window_paths_a,
          co_window_of_opportunity_a, co_window_corner_a, co_window_paths_a,
          co_window_of_opportunity_a, co_window_paths_b, co_window_paths_a,
          co_window_paths_c, co_window_corner_b, co_window_broadway_c,
          co_window_2corner, co_window_of_opportunity_b,
          co_window_of_opportunity_b, glass_columns_b, glass_columns_a,
          glass_columns_c, glass_columns_a, kennysheep_potato, uniq_jessica
D:3:      layout_rooms, chei_slow_surprise
D:4:      layout_basic, minmay_temple_entry_crystal_x, grunt_ministairs_13,
          st_stairs_5, grunt_decor_mini_mirrors
D:5:      kennysheep_windowed_halls, layout_loops_corners, led_xom_imps,
          old_standard_altar, lemuel_crystal_altar, nicolae_ossuary_entry_plus,
          serial_shops, shop_fountains, minivault_1, fountainhead,
          kennysheep_another_room, kennysheep_generic_room_11
D:6:      layout_basic, nicolae_gozag_cash_rules_everything_around_me,
          serial_shops, shop_statue
D:7:      layout_rooms, mainiacjoe_overflow_alcove_2
D:8:      layout_basic, dpeg_oklobed_lair, mrwooster_statue_mirror,
          chequers_avenue, lemuel_flamethrower_2
D:9:      layout_grid_maze, mainiacjoe_overflow_concentric_impassable,
          orc_0_dummy, guppyfry_shop_venom
D:10:     layout_irregular_city, elyvilon_altar_4,
          mainiacjoe_overflow_six_doors_small, nicolae_hepliaklqana_hazy_memory,
          uniq_erica
Temple:   nicolae_temple_hex_pool

Skill      XL: |  1  2  3  4  5  6  7  8  9 10 |
---------------+-------------------------------+-----
Fighting       | 4 5 6 7 |  7.8
Armour         | 4 5 6 7 8 |  8.0
Axes           | 3 4 5 7 8 10 11 | 11.2
Evocations     | 1 2 3 4 5 6 |  6.3
Dodging        | 1 2 3 4 |  4.9
Stealth        | 1 |  1.3
Invocations    | 2 3 |  3.1
Shields        | |  3.6

Action                   |  1- 3 |  4- 6 |  7- 9 | 10-12 || total
-------------------------+-------+-------+-------+-------++-------
Melee: War axe           |    44 |   119 |   215 |    61 ||   439
       Headbutt          |     7 |    23 |    51 |    15 ||    96
Invok: Animate Remains   |       |       |    22 |     5 ||    27
       Recall Undead Sla |       |       |     1 |       ||     1
       Animate Dead      |       |       |       |     3 ||     3
Evoke: Wand              |       |     1 |     1 |     2 ||     4
  Use: Scroll            |       |     8 |     7 |     1 ||    16
       Potion            |       |     1 |     2 |       ||     3
 Stab: Distracted        |       |       |     1 |       ||     1
Armor: Scale mail        |    22 |    55 |    81 |    13 ||   171
Dodge: Dodged            |    17 |    45 |   116 |    32 ||   210
Block: Kite shield       |    22 |    76 |   140 |    53 ||   291
